 Dungeon Crawl Stone Soup version 0.22-a0-278-g8f80174 (webtiles) character file.

6746 Firecrotchwizard the Cleaver (level 10, -9/94 HPs)
             Began as a Minotaur Fighter on Mar 15, 2018.
             Was a Follower of Qazlal.
             Mangled by Gastronok (16 damage)
             ... on level 8 of the Dungeon.
             The game lasted 00:14:48 (8742 turns).

Firecrotchwizard the Cleaver (Minotaur Fighter)     Turns: 8742, Time: 00:14:49

Health: -9/94      AC: 15    Str: 21    XL:     10   Next: 75%
Magic:  9/9        EV:  5    Int:  5    God:    Qazlal [*.....]
Gold:   719        SH: 13    Dex: 13    Spells: 9/9 levels left

rFire    + . .     SeeInvis .   a - +0 war axe
rCold    + . .     Gourm    .   c - +0 shield
rNeg     . . .     Faith    .   v - +0 plate armour
rPois    +         Spirit   .   B - +1 hat
rElec    +         Reflect  .   (no cloak)
rCorr    +         Harm     .   i - +0 pair of gloves
MR       .....                  j - +1 pair of boots {Stlth+}
Stlth    ..........             (no amulet)
HPRegen  0.25/turn              D - ring of flight {+Fly, !d}
MPRegen  0.11/turn              l - ring of resist corrosion

@: resistant
A: retaliatory headbutt, horns 2
a: Renounce Religion, Evoke Flight


You were on level 8 of the Dungeon.
You worshipped Qazlal.
Qazlal was aware of your devotion.
You were not hungry.

You visited 2 branches of the dungeon, and saw 9 of its levels.
You also visited: Sewer.

You collected 719 gold pieces.

Inventory:

Hand Weapons
 a - a +0 war axe (weapon)
 b - a +2 hunting sling of freezing
   (You found it on level 1 of the Dungeon)
 C - a +4 scimitar of flaming
   (You took it off Erica on level 8 of the Dungeon)
Missiles
 k - 56 sling bullets
Armour
 c - a +0 shield (worn)
 i - a +0 pair of gloves (worn)
   (You found it on level 1 of the Dungeon)
 j - a +1 pair of boots of stealth (worn)
   (You found it on level 7 of the Dungeon)
 v - a +0 plate armour (worn)
   (You found it on level 2 of the Dungeon)
 B - a +1 hat (worn)
   (You found it on level 4 of the Dungeon)
Jewellery
 l - a ring of resist corrosion (right hand)
   (You found it on level 7 of the Dungeon)
 D - a ring of flight (left hand) {+Fly, !d}
   (You found it on level 8 of the Dungeon)
Scrolls
 d - a scroll of fog
 h - 9 scrolls of identify
 m - 2 scrolls of magic mapping {!r}
 p - 3 scrolls of teleportation
 y - 3 scrolls of remove curse
 E - a scroll of random uselessness {unknown}
 F - 4 scrolls of blinking {unknown}
 G - 2 scrolls of amnesia {unknown}
 H - a scroll of enchant weapon {unknown}
Potions
 e - a potion of magic {unknown}
 g - a potion of degeneration {unknown}
 o - 6 potions of heal wounds {unknown}
 r - a potion of brilliance {unknown}
 s - a potion of experience {unknown}
 t - 4 potions of flight {unknown}
 w - a potion of invisibility {unknown}
 x - 2 potions of haste {unknown}
 A - 8 potions of curing {unknown}
Comestibles
 f - 9 rations {@e1}
 n - 3 chunks of flesh {@w0}


   Skills:
 + Level 10.5 Fighting
 * Level 13.6 Axes
 - Level 3.6 Armour
 + Level 10.5 Shields


You had 9 spell levels left.
You didn't know any spells.

Dungeon Overview and Level Annotations

Branches:
Dungeon (8/15)             Temple (1/1) D:7
   Lair: D:8-11

Altars:
Ashenzari
Cheibriados
Dithmenos
Elyvilon
Fedhas
Gozag
Hepliaklqana
Kikubaaqudgha
Makhleb
Nemelex Xobeh
Okawaru
Qazlal
Ru
Sif Muna
Trog
Uskayaw
Vehumet
Wu Jian
Xom
Yredelemnul
Zin
The Shining One

Annotations:
D:4 1 runed door, Blork the orc
D:6 1 runed door
D:8 Gastronok


Innate Abilities, Weirdness & Mutations

You reflexively headbutt those who attack you in melee.
You have a pair of horns on your head.


Message History

You see here a spear.
Things that are here:
a dagger; a robe You found a shaft!
You see here a dagger.
You see here 2 tomahawks.
Found a radiant altar of Vehumet.
A crimson imp and a skeleton come into view.
The crimson imp shouts!
The crimson imp shouts, "Scamper home, thou fulsome hasty-witted bovine!"
A hippogriff comes into view.
You slash the bullfrog skeleton!
You block the bullfrog skeleton's attack.
The crimson imp blinks!
You hit the bullfrog skeleton.
The bullfrog skeleton hits you but does no damage.
You hit the bullfrog skeleton.
Your headbutt misses the bullfrog skeleton.
You block the bullfrog skeleton's attack.
You barely miss the bullfrog skeleton. You headbutt the bullfrog skeleton.
The crimson imp blinks!
You block the bullfrog skeleton's attack.
You slash the bullfrog skeleton!
You destroy the bullfrog skeleton!
Qazlal accepts your kill.
Your plate armour prevents you from hitting the hippogriff.
The hippogriff bites you but does no damage.
The hippogriff pecks you. The hippogriff claws you.
You take 7 damage, and have 87/94 hp.
You slash the hippogriff!
You hit the crimson imp but do no damage.
The hippogriff bites you but does no damage.
You block the hippogriff's attack. x2; You block the crimson imp's attack.
You hit the hippogriff but do no damage.
Your headbutt misses the hippogriff. You slash the crimson imp!
The hippogriff bites you but does no damage.
The hippogriff closely misses you. The hippogriff claws you.
You block the crimson imp's attack.
You take 2 damage, and have 85/94 hp.
You hit the crimson imp.
You kill the crimson imp!
Qazlal accepts your kill.
You slash the hippogriff! The hippogriff bites you.
You block the hippogriff's attack. The hippogriff claws you.
You take 5 damage, and have 80/94 hp.
You slash the hippogriff! You headbutt the hippogriff!
The hippogriff bites you but does no damage.
You block the hippogriff's attack. x2
You slash the hippogriff!
You kill the hippogriff!
Qazlal accepts your kill.
No target in view!
You butcher the hippogriff corpse.
n - 3 chunks of flesh {@w0} You now have 719 gold pieces (gained 15).
Gastronok the Ponderous comes into view.
Gastronok gurgles horribly!
You regained 5 hp, and now have 86/94 hp.
You start resting.
You regained 4 hp, and now have 93/94 hp.
Health restored: 94 Gastronok's eyestalks quiver as he mumbles some strange words.
The bat barely misses you.
A bat is nearby!
You block the bat's attack.
You slash the bat!
You kill the bat!
The bat's corpse disappears in a puff of smoke!
You block the quokka's attack.
You closely miss the quokka.
The quokka is struck by lightning.
You kill the quokka!
The quokka's corpse disappears in a puff of smoke!
You start waiting.
You hit Gastronok. Gastronok bites you!!
You take 22 damage, and have 72/94 hp.
MASSIVE DAMAGE!!
You hit Gastronok. You slice Gastronok!! You headbutt Gastronok.
Gastronok waves his eye-stalks in wide circles.
The air twists around and strikes you!
You take 18 damage, and have 54/94 hp.
You slash Gastronok! You slash Gastronok!
Gastronok waves his eye-stalks in wide circles.
The air twists around and strikes you!
You take 19 damage, and have 35/94 hp.
MASSIVE DAMAGE!!
You hit Gastronok. You headbutt Gastronok.
You feel protected.
Gastronok waves his eye-stalks in wide circles.
The air twists around and strikes you!
You hit Gastronok. You hit Gastronok. You hit Gastronok. Gastronok bites you!!
* * * LOW HITPOINT WARNING * * *
You take 30 damage, and have 6/94 hp.
MASSIVE DAMAGE!!
You hit Gastronok. You slice Gastronok!! You headbutt Gastronok.
Gastronok bites you!
You die...

#........# #.# #.....#
#........# #.# #.#####
.........# #.# #.#
###.##..## #.# #.#
#....## #.# #.#
###.##### #.# #.#
........# #.######.#
........######...wr...#
...............ยง@######
....###..........# #####
#..........#
#..........#
#..........# #
############### #
#.....# ####.....#
...#.....#


You could see Gastronok and a quokka.

Vanquished Creatures
  A centaur warrior (D:7)
  Erica (D:8)
  Pikel (D:5)
  Grinder (D:4)
  2 hippogriffs
  A yak (D:7)
  Eustachio (D:4)
  A basilisk (D:7)
  A vampire mosquito (D:7)
  Edmund (D:6)
  A water moccasin (D:8)
  2 orc warriors
  3 sky beasts
  3 ice beasts
  An ogre (D:5)
  2 centaurs
  A crocodile (D:8)
  4 bullfrogs
  2 big kobolds (Sewer)
  A wyvern skeleton (D:8)
  14 killer bees
  6 crimson imps
  A bullfrog zombie (D:8)
  A centaur zombie (D:6)
  4 hounds
  3 orc priests (D:7)
  Natasha (thrice) (D:2)
  2 bullfrog skeletons
  6 iguanas
  8 orc wizards
  5 worker ants
  Terence (D:2)
  4 hound skeletons
  A hound zombie (D:7)
  4 adders
  3 gnolls (D:5)
  10 river rats (Sewer)
  2 oozes
  4 adder skeletons
  5 worms
  4 dart slugs
  7 leopard geckos
  33 orcs
  5 giant cockroaches
  10 goblins
  6 hobgoblins
  16 jackals
  6 quokkas
  8 ball pythons
  4 bats
  4 frilled lizards
  A goblin zombie (D:6)
  A jackal zombie (D:6)
  22 kobolds
  A kobold zombie (D:6)
  A leopard gecko zombie (D:6)
  A quokka skeleton (D:8)
  24 rats
272 creatures vanquished.

Vanquished Creatures (others)
  A quokka (D:4)
  A leopard gecko zombie (D:5)
2 creatures vanquished.

Grand Total: 274 creatures vanquished

Notes
Turn   | Place    | Note
-------+----------+-------------------------------------------
     0 | D:1      | Firecrotchwizard the Minotaur Fighter began the quest for the Orb.
     0 | D:1      | Reached XP level 1. HP: 19/19 MP: 0/0
   276 | D:1      | Reached XP level 2. HP: 27/27 MP: 1/1
   411 | D:1      | Reached skill level 3 in Axes
   899 | D:2      | Reached skill level 4 in Shields
   935 | D:2      | Noticed Natasha
   947 | D:2      | Killed Natasha
   947 | D:2      | Reached skill level 4 in Fighting
   947 | D:2      | Reached XP level 3. HP: 31/33 MP: 2/2
  1125 | D:2      | Noticed Terence
  1135 | D:2      | Reached skill level 4 in Axes
  1206 | D:2      | Killed Terence
  1206 | D:2      | Reached XP level 4. HP: 41/41 MP: 3/3
  1251 | D:2      | Noticed Natasha
  1259 | D:2      | Killed Natasha
  1307 | D:2      | Noticed Natasha
  1314 | D:2      | Killed Natasha
  1485 | D:3      | Reached XP level 5. HP: 45/47 MP: 4/4
  1918 | D:3      | Reached skill level 5 in Axes
  2465 | D:4      | Noticed Grinder
  2502 | D:4      | Found a snail-covered altar of Cheibriados.
  2607 | D:4      | Paralysed by Grinder for 3 turns
  2615 | D:4      | Reached skill level 5 in Fighting
  2615 | D:4      | Reached skill level 5 in Shields
  2625 | D:4      | Paralysed by Grinder for 4 turns
  2630 | D:4      | Killed Grinder
  2630 | D:4      | Reached skill level 6 in Axes
  2630 | D:4      | Reached XP level 6. HP: 43/56 MP: 5/5
  2806 | D:4      | Noticed Eustachio
  2825 | D:4      | Killed Eustachio
  2825 | D:4      | Reached skill level 6 in Fighting
  2825 | D:4      | Reached skill level 7 in Axes
  2825 | D:4      | Reached skill level 6 in Shields
  2825 | D:4      | Reached XP level 7. HP: 59/63 MP: 6/6
  2927 | D:4      | Noticed Blork the orc
  2953 | D:4      | Found a runed door.
  2989 | D:4      | Found a white marble altar of Elyvilon.
  3243 | D:5      | Entered Level 5 of the Dungeon
  3243 | D:5      | Noticed Pikel
  3410 | D:5      | Reached skill level 8 in Axes
  3638 | D:5      | Reached XP level 8. HP: 71/71 MP: 7/7
  3775 | D:5      | Found a hazy altar of Hepliaklqana.
  3911 | D:5      | Killed Pikel
  3911 | D:5      | Reached skill level 7 in Fighting
  3911 | D:5      | Reached skill level 9 in Axes
  3911 | D:5      | Reached skill level 7 in Shields
  4397 | D:6      | Found a sparkling altar of Nemelex Xobeh.
  4429 | D:6      | Found a glowing drain.
  4463 | Sewer    | Entered a sewer
  4570 | Sewer    | Reached skill level 10 in Axes
  4756 | Sewer    | Reached XP level 9. HP: 81/81 MP: 8/8
  4798 | Sewer    | Reached skill level 8 in Fighting
  4798 | Sewer    | Reached skill level 8 in Shields
  4954 | D:6      | Noticed Edmund
  4968 | D:6      | Killed Edmund
  5348 | D:6      | Found a runed door.
  5354 | D:6      | Found a basalt altar of Yredelemnul.
  5717 | D:7      | Reached skill level 11 in Axes
  6097 | D:7      | Found an opulent altar of Gozag.
  6097 | D:7      | Found a white marble altar of Elyvilon.
  6099 | D:7      | Found a deep blue altar of Sif Muna.
  6099 | D:7      | Found a white marble altar of Elyvilon.
  6099 | D:7      | Found a radiant altar of Vehumet.
  6099 | D:7      | Found a snail-covered altar of Cheibriados.
  6102 | D:7      | Found a hide-covered altar of Uskayaw.
  6102 | D:7      | Found an opulent altar of Gozag.
  6106 | D:7      | Reached skill level 9 in Fighting
  6106 | D:7      | Reached skill level 9 in Shields
  6135 | D:7      | Found a radiant altar of Vehumet.
  6136 | D:7      | Found a shattered altar of Ashenzari.
  6136 | D:7      | Found an ancient bone altar of Kikubaaqudgha.
  6136 | D:7      | Found a stormy altar of Qazlal.
  6141 | D:7      | Became a worshipper of Qazlal Stormbringer
  6146 | D:7      | Found a staircase to the Ecumenical Temple.
  6151 | Temple   | Entered the Ecumenical Temple
  6990 | D:7      | Reached skill level 12 in Axes
  7002 | D:7      | Reached XP level 10. HP: 76/91 MP: 9/9
  7010 | D:7      | Noticed a centaur warrior
  7031 | D:7      | Killed a centaur warrior
  7476 | D:8      | Found a glowing golden altar of the Shining One.
  7508 | D:8      | Found a hide-covered altar of Uskayaw.
  7515 | D:8      | Found an ancient bone altar of Kikubaaqudgha.
  7528 | D:8      | Found a bloodstained altar of Trog.
  7586 | D:8      | Reached skill level 10 in Shields
  7598 | D:8      | Reached skill level 10 in Fighting
  7608 | D:8      | Reached skill level 13 in Axes
  7608 | D:8      | Reached * piety under Qazlal
  7616 | D:8      | Found a sacrificial altar of Ru.
  7782 | D:8      | Noticed Erica
  7799 | D:8      | Killed Erica
  8066 | D:8      | HP: 23/94 [poisoned by a killer bee]
  8071 | D:8      | HP: 16/94 [poisoned by a killer bee]
  8076 | D:8      | HP: 11/94 [poisoned by a killer bee]
  8081 | D:8      | HP: 8/94 [poisoned by a killer bee]
  8087 | D:8      | HP: 6/94 [poisoned by a killer bee]
  8092 | D:8      | HP: 5/94 [poisoned by a killer bee]
  8099 | D:8      | HP: 5/94 [poisoned by a killer bee]
  8107 | D:8      | HP: 5/94 [poisoned by a killer bee]
  8623 | D:8      | Found a radiant altar of Vehumet.
  8691 | D:8      | Noticed Gastronok
  8740 | D:8      | HP: 6/94 [Gastronok (30)]
  8742 | D:8      | Mangled by Gastronok

Vault maps used:
D:1:      dpeg_arrival_more_subterranean_lakeside_camping, serial_aquarium,
          aquarium_bridge_square, aquarium_bridge_island_small,
          aquarium_window_2, aquarium_window_1, aquarium_window_3,
          aquarium_window_fake, aquarium_view_2a, aquarium_view_2d,
          aquarium_balcony_3a
D:2:      uniq_terence, uniq_natasha
D:4:      elyvilon_altar_4, tgw_sif, first_ration, minivault_25,
          cheibriados_altar_1, uniq_eustachio, uniq_crazy_yiuf_cottage,
          uniq_grinder, uniq_blork_the_orc
D:5:      basic_altar, uniq_pikel
D:6:      nemelex_xobeh_ov_fountains_minmay, cheibrodos_sewer_entry_bend,
          hangedman_abyss_or_decor_lesser_grid, dk_yredelemnul_ordeal,
          uniq_edmund
D:7:      minmay_klotski, temple_doors_ab
D:8:      marbit_many_paths, lemuel_crystal_altar,
          gammafunk_temple_overflow_forgotten, enter_bailey_3, basic_altar,
          uniq_erica, uniq_gastronok
Temple:   nicolae_temple_great_sept
Sewer:    sewer_minmay_treatment

Skill      XL: |  1  2  3  4  5  6  7  8  9 10 |
---------------+-------------------------------+-----
Axes           | 3 4 6 7 8 10 12 13 | 13.6
Shields        | 4 5 6 7 9 10 | 10.5
Fighting       | 4 5 6 7 9 10 | 10.5
Armour         | |  3.6

Action                   |  1- 3 |  4- 6 |  7- 9 | 10-12 || total
-------------------------+-------+-------+-------+-------++-------
Melee: War axe           |    70 |   115 |   453 |   141 ||   779
       Headbutt          |    11 |    21 |    76 |    20 ||   128
  Use: Scroll            |     1 |     3 |     2 |       ||     6
       Potion            |       |     1 |       |     2 ||     3
  Eat: Chunk             |     1 |     5 |     9 |     2 ||    17
       Ration            |       |       |     2 |     1 ||     3
Armor: Scale mail        |    25 |    15 |       |       ||    40
       Plate armour      |       |    41 |   202 |    50 ||   293
Dodge: Dodged            |    11 |    21 |    58 |    13 ||   103
Block: Shield            |    41 |    56 |   231 |    88 ||   416

Table legend:
 A = Spawn XP
 B = Non-spawn XP
 C = Spawn XP percentage of total XP
 D = Spawn monster count
 E = Non-spawn monster count
 F = Spawn count percentage of total count
 G = Total turns spent on level
                    A         B        C        D         E        F      G
               +---------+---------+-------+---------+---------+-------+---------
         Total |       0 |    9638 |   0.0 |       0 |     272 |   0.0 |  8742
               +---------+---------+-------+---------+---------+-------+---------
           D:1 |       0 |      22 |   0.0 |       0 |      12 |   0.0 |   851
           D:2 |       0 |     173 |   0.0 |       0 |      21 |   0.0 |   596
           D:3 |       0 |      68 |   0.0 |       0 |      29 |   0.0 |  1108
           D:4 |       0 |     757 |   0.0 |       0 |      15 |   0.0 |   697
           D:5 |       0 |    1448 |   0.0 |       0 |      33 |   0.0 |  1019
           D:6 |       0 |     839 |   0.0 |       0 |      37 |   0.0 |   984
           D:7 |       0 |    3406 |   0.0 |       0 |      50 |   0.0 |  1532
           D:8 |       0 |    2534 |   0.0 |       0 |      27 |   0.0 |  1422
         Sewer |       0 |     391 |   0.0 |       0 |      48 |   0.0 |   449
               +---------+---------+-------+---------+---------+-------+---------

Vault maps used:
D:1:      dpeg_arrival_more_subterranean_lakeside_camping, serial_aquarium,
          aquarium_bridge_square, aquarium_bridge_island_small,
          aquarium_window_2, aquarium_window_1, aquarium_window_3,
          aquarium_window_fake, aquarium_view_2a, aquarium_view_2d,
          aquarium_balcony_3a
D:2:      uniq_terence, uniq_natasha
D:4:      elyvilon_altar_4, tgw_sif, first_ration, minivault_25,
          cheibriados_altar_1, uniq_eustachio, uniq_crazy_yiuf_cottage,
          uniq_grinder, uniq_blork_the_orc
D:5:      basic_altar, uniq_pikel
D:6:      nemelex_xobeh_ov_fountains_minmay, cheibrodos_sewer_entry_bend,
          hangedman_abyss_or_decor_lesser_grid, dk_yredelemnul_ordeal,
          uniq_edmund
D:7:      minmay_klotski, temple_doors_ab
D:8:      marbit_many_paths, lemuel_crystal_altar,
          gammafunk_temple_overflow_forgotten, enter_bailey_3, basic_altar,
          uniq_erica, uniq_gastronok
Temple:   nicolae_temple_great_sept
Sewer:    sewer_minmay_treatment

Table legend:
 A = Turns spent in this place as a percentage of turns spent in the entire game.
 B = Non-inter-level travel turns spent in this place as a percentage of non-inter-level travel turns spent in the entire game.
 C = Inter-level travel turns spent in this place as a percentage of turns spent in this place.
 D = Turns resting spent in this place as a percentage of non-inter-level travel turns spent in this place.
 E = Turns spent auto-exploring this place as a percentage of non-inter-level travel turns spent in this place.
 F = Non-inter-level travel turns spent in this place divided by the number of levels of this place that you've seen.
                   A       B       C       D       E      F
               +-------+-------+-------+-------+-------+----------------------
         Total | 100.0 | 100.0 |   5.7 |  23.4 |  58.0 | 824.7
       Dungeon |  93.9 |  93.7 |   5.9 |  24.7 |  57.5 | 965.6
        Temple |   1.0 |   0.9 |  13.1 |   0.0 |  98.6 |  73.0
         Sewer |   5.1 |   5.4 |   0.0 |   5.3 |  60.1 | 449.0
               +-------+-------+-------+-------+-------+----------------------

Table legend:
 A = Kills in this place as a percentage of kills in entire the game.
 B = Kills by you in this place as a percentage of kills by you in the entire game.
 C = Kills by friends in this place as a percentage of kills by friends in the entire game.
 D = Other kills in this place as a percentage of other kills in the entire game.
 E = Experience gained in this place as a percentage of experience gained in the entire game.
 F = Experience gained in this place divided by the number of levels of this place that you have seen.
                   A       B       C       D       E      F
               +-------+-------+-------+-------+-------+----------------------
         Total | 100.0 | 100.0 |   N/A |   N/A | 100.0 | 963.8
       Dungeon |  82.4 |  82.4 |   N/A |   N/A |  95.9 | 1155.9
         Sewer |  17.6 |  17.6 |   N/A |   N/A |   4.1 | 391.0
               +-------+-------+-------+-------+-------+----------------------
